 Dungeon Crawl Stone Soup version 0.31-a0-1626-g5cb510d322 (webtiles) character file.

Game seed: 7597719052622739547

580 mopl the Ruffian (level 7, -1/50 HPs)
             Began as a Djinni Shapeshifter on Jan 12, 2024.
             Slain by an ogre
             ... wielding a +0 giant spiked club
              (21 damage)
             ... on level 5 of the Dungeon.
             The game lasted 00:05:24 (3436 turns).

mopl the Ruffian (Djinni Shapeshifter)              Turns: 3436, Time: 00:05:25

Health: -1/50      AC:  2    Str: 15    XL:     7   Next: 63%
Gold:   28         EV: 12    Int: 11    God:
                   SH:  0    Dex: 13

rFire   + +          .
                       - Unarmed
rCold   x . .        (no shield)
rNeg    . . .        a - +0 animal skin
rPois   ∞            (helmet currently unavailable)
rElec   .            (cloak currently unavailable)
rCorr   .            (gloves currently unavailable)
SInv    .            (boots unavailable)
Will    .....        q - amulet of regeneration
Stlth   +            (no ring)
HPRegen 1.08/turn    (no ring)
MPRegen 0.00/turn

%: infuse magic (-2 HP)
@: beast-form, flying
A: beast (slay +2), flying, sickness immunity, fire resistance 2, cold
vulnerability 1, float, innate caster, HP casting, extra vitality 1
a: Begin Untransformation


You were on level 5 of the Dungeon.
You were a hulking beast.
You visited 1 branch of the dungeon, and saw 5 of its levels.

You collected 253 gold pieces.
You spent 225 gold pieces at shops.

Inventory:

Missiles
 l - 3 poisoned darts (quivered)
 s - 3 throwing nets
Armour
 a - a +0 animal skin (worn)
Jewellery
 q - an amulet of regeneration (around neck)
Talismans
 c - a beast talisman (active)
 d - a flux talisman
Wands
 v - a wand of charming (12)
Scrolls
 g - 2 scrolls of teleportation {unknown}
 i - 3 scrolls of fog {unknown}
 k - a scroll of blinking {unknown}
 n - a scroll of silence {unknown}
 o - 3 scrolls of noise {unknown}
 p - a scroll of enchant armour {unknown}
 r - a scroll of immolation {unknown}
 t - a scroll of torment {unknown}
 y - a scroll of vulnerability {unknown}
Potions
 b - a potion of lignification {!q}
 f - 2 potions of heal wounds
 h - a potion of curing
 j - a potion of mutation {!q}
 m - 3 potions of haste
 u - 3 potions of enlightenment
 x - a potion of might {unknown}
 z - a potion of magic {unknown}


   Skills:
 + Level 3.3 Fighting
 - Level 2.1 Dodging
 * Level 5.6 Unarmed Combat
 * Level 4.8 Shapeshifting


You knew the following spells:

 Your Spells              Type           Power      Damage    Failure   Level
a - Summon Small Mammal   Summ           0%         N/A       34%         1
b - Mercury Vapours       Alch/Air       0%         N/A       47%         2
c - Dazzling Flash        Conj/Hex       0%         N/A       71%         3
Your spell library was empty.

Dungeon Overview and Level Annotations

Branches:
Dungeon (5/15)
 Temple: D:4-7

Altars:
Ashenzari
Yredelemnul

Shops:
D:1 *   D:2 ?(

Annotations:
D:3 1 runed translucent door, Nattefrost's ghost, amateur GnHu


Innate Abilities, Weirdness & Mutations

You are a hulking beast.
Your limbs bulge with bestial killing power. (Slay +2)
You are flying.
You are immune to sickness and miasma.
You are immune to poison.
Your flesh is very heat resistant. (rF++)
You are vulnerable to cold. (rC-)
You float through the air rather than walking.
You learn spells naturally, not from books.
Your magical power is your life essence.
You have superior vitality. (+4 MHP)


Message History

An ogre and an iguana come into view.
The ogre shouts!
You hear a bark!
There are monsters nearby!
A hound comes into view.
The hound bites you. The hound barely misses you.
There is a stone staircase leading up here.
You closely miss the hound. The hound barely misses you.
You punch the hound!
The hound is severely wounded.
The hound misses you.
You punch the hound!
You kill the hound!
You see here a hound corpse.
You hit the ogre.
The ogre is lightly wounded.
The ogre closely misses you.
You punch the ogre!
The ogre is moderately wounded.
The ogre hits you with a +0 giant spiked club!
You completely miss the ogre.
The ogre is moderately wounded.
You hit the ogre.
The ogre is heavily wounded.
The ogre hits you with a +0 giant spiked club!!
You are too injured to fight recklessly!
You are too injured to fight recklessly!
You barely miss the ogre.
The ogre is heavily wounded.
You hit the ogre.
The ogre is severely wounded.
The ogre hits you with a +0 giant spiked club.
You hit the ogre.
The ogre is severely wounded.
The ogre hits you with a +0 giant spiked club!
You hit the ogre.
The ogre is almost dead.
You hit the ogre.
The ogre is almost dead.
The ogre hits you with a +0 giant spiked club!!
You die...

###.. #.......
.#....####.......
......#..#.......
................ .
............^. ...
............##....
........[.........
.........Oh.......
........####......
..####...# .....
#...## .... #..O#
..# #l..# .# ...##
# .... .....


You could see an ogre.

Vanquished Creatures
  2 ogres (D:4)
  A scorpion (D:4)
  3 hounds
  An orc priest (D:4)
  An iguana (D:4)
  Terence (D:2)
  2 orc wizards (D:4)
  6 adders
  2 ribbon worms (D:2)
  2 dart slugs
  5 orcs
  3 endoplasms
  4 giant cockroaches
  4 goblins
  5 hobgoblins
  9 jackals
  6 quokkas
  4 ball pythons (D:4)
  5 bats
  2 frilled lizards (D:2)
  3 kobolds
  A rat (D:1)
72 creatures vanquished.

Notes
Turn   | Place    | Note
-------+----------+-------------------------------------------
     0 | D:1      | mopl the Djinni Shapeshifter began the quest for the Orb.
     0 | D:1      | Reached XP level 1. HP: 17/17 MP: 0/0
    79 | D:1      | Reached XP level 2. HP: 19/22 MP: 0/0
   119 | D:1      | Found a faded altar of an unknown god.
   261 | D:1      | Reached skill level 3 in Shapeshifting
   317 | D:1      | Reached XP level 3. HP: 24/27 MP: 0/0
   317 | D:1      | Learned a level 1 spell: Summon Small Mammal
   461 | D:1      | Found Quvammaa's Assorted Antiques.
   470 | D:1      | Bought a scroll labelled DEREEGR IGUXYAR for 29 gold pieces
   470 | D:1      | Bought a fuming coppery potion for 26 gold pieces
   470 | D:1      | Bought a scroll labelled NISOAVV VUOSH for 29 gold pieces
   718 | D:2      | Found Fothack's Antique Weapon Shoppe.
   829 | D:2      | Noticed Terence
   842 | D:2      | Killed Terence
   843 | D:2      | Reached XP level 4. HP: 20/33 MP: 0/0
   932 | D:2      | Found Wicot's Magic Scroll Shoppe.
  1032 | D:1      | Bought a scroll labelled YLEPIEXTELA for 29 gold pieces
  1227 | D:2      | Found a basalt altar of Yredelemnul.
  1314 | D:2      | Found the +3 pair of seven-league boots {Rampage+∞}
  1413 | D:2      | Reached skill level 2 in Fighting
  1510 | D:2      | Reached skill level 4 in Unarmed Combat
  1560 | D:2      | Bought a scroll of identify for 28 gold pieces
  1980 | D:3      | Found a runed translucent door.
  1982 | D:3      | Noticed Nattefrost's ghost (amateur GnHu)
  2104 | D:3      | Reached XP level 5. HP: 38/38 MP: 0/0
  2104 | D:3      | Learned a level 2 spell: Mercury Vapours
  2516 | D:4      | Reached XP level 6. HP: 45/45 MP: 0/0
  2703 | D:4      | Reached skill level 4 in Shapeshifting
  2752 | D:4      | Reached skill level 5 in Unarmed Combat
  2862 | D:4      | Reached skill level 3 in Fighting
  2862 | D:4      | Reached XP level 7. HP: 41/50 MP: 0/0
  2862 | D:4      | Learned a level 3 spell: Dazzling Flash
  3155 | D:4      | Found a broken altar of Ashenzari.
  3335 | D:2      | Bought a scroll of identify for 28 gold pieces
  3335 | D:2      | Bought a scroll of amnesia for 56 gold pieces
  3418 | D:5      | Entered Level 5 of the Dungeon
  3436 | D:5      | Slain by an ogre

Illustrated notes

Levels and vault maps discovered:
D:1:      wander_arrival_peaceful_grave, layout_loops_ring,
          ebering_ecumenical_altar_sacrificial, serial_shops, shop
D:2:      layout_basic, basic_altar, serial_shops, nicolae_square_shop,
          nicolae_shop_overgrown_old_shop, minmay_cupped, uniq_terence
D:3:      layout_basic, ebering_ghost_sewer_d
D:4:      layout_basic, lemuel_coloured_pillars_altar,
          serial_library_hellmonk_narrow_alcove, chequers_serial_rivers_small_b
D:5:      layout_cave_pools, grunt_dithmenos_smoke, jmf_multi_god_temple2,
          nicolae_gozag_cash_rules_everything_around_me, grunt_decor_clamped

Skill      XL: |  1  2  3  4  5  6 |
---------------+-------------------+-----
Shapeshifting  | 3 4 |  4.8
Fighting       | 2 3 |  3.3
Unarmed Combat | 4 5 |  5.6
Dodging        | |  2.1

Action                     |  1- 3 |  4- 6 |  7- 9 || total
---------------------------+-------+-------+-------++-------
  Melee: Unarmed           |    76 |   191 |    35 ||   302
         Punch             |     1 |     5 |       ||     6
    Use: Scroll            |       |     5 |     1 ||     6
         Potion            |       |     1 |       ||     1
   Stab: Sleeping          |     3 |     2 |       ||     5
 Armour: Animal skin       |    40 |   126 |    18 ||   184
         Skin              |       |     1 |       ||     1
  Dodge: Dodged            |    43 |    96 |    10 ||   149
   Form: Flux              |     1 |     1 |       ||     2
         Beast             |       |     2 |       ||     2

Table legend: (Time is in decaauts)
 A = Elapsed time spent in this place.
 B = Non-inter-level travel time spent in this place.
 C = Inter-level travel time spent in this place.
 D = Time resting spent in this place.
 E = Time spent auto-exploring this place.
 F = Levels seen in this place.
 G = Mean time per level.
                   A        B        C        D        E       F      G
               +--------+--------+--------+--------+--------+-----+--------+
         Total |   3417 |   3077 |    340 |     82 |   2288 |   5 |  683.4 |
       Dungeon |   3417 |   3077 |    340 |     82 |   2288 |   5 |  683.4 |
               +--------+--------+--------+--------+--------+-----+--------+

Top non-repeatable levels by time:
     D:4: 906 daAuts
     D:3: 905 daAuts
     D:2: 869 daAuts
     D:1: 720 daAuts
     D:5: 16 daAuts
